 Dungeon Crawl Stone Soup version 0.29.1-12-g30fa7ad0bf (webtiles) character file.

Game seed: 1113971209296887691

744 hawla the Firebug (level 8, -4/61 HPs)
             Began as a Meteoran Fire Elementalist on Jan 13, 2023.
             Was a Follower of Vehumet.
             Slain by an orc priest
             ... wielding a +0 dagger
              (5 damage)
             ... on level 6 of the Dungeon.
             The game lasted 00:09:06 (1449 turns).

hawla the Firebug (Meteoran Fire Elementalist)      Turns: 1449, Time: 00:09:07

Health: -4/61      AC:  4    Str:  9      XL:     8   Next: 26%
Magic:  1/17       EV: 13    Int: 18      God:    Vehumet [*.....]
Gold:   88         SH:  0    Dex: 15 (16) Spells: 11/18 levels left

rFire   . . .      SeeInvis .   (no weapon)
rCold   . . .      Faith    .   (no shield)
rNeg    . . .      Spirit   .   a - +1 robe
rPois   .          Reflect  .   (no helmet)
rElec   .          Harm     .   h - +0 cloak
rCorr   .          Rampage  .   (no gloves)
Will    +....                   (no boots)
Stlth   +.........              (no amulet)
HPRegen 0.20/turn               (no ring)
MPRegen 0.15/turn               (no ring)

@: on berserk cooldown, glowing
A: sense surroundings 1, otherworldly, glowing, explore regen
a: Renounce Religion


You were on level 6 of the Dungeon.
You worshipped Vehumet.
Vehumet was aware of your devotion.
You visited 2 branches of the dungeon, and saw 7 of its levels.

You collected 88 gold pieces.

Inventory:

Armour
 a - a +1 robe (worn)
 h - a +0 cloak (worn)
Jewellery
 b - a ring of protection from fire
Wands
 k - a wand of paralysis (6) (quivered)
Scrolls
 f - 3 scrolls of identify
 g - a scroll of noise {unknown}
 j - a scroll of teleportation
Potions
 e - 2 potions of degeneration
 i - a potion of flight
 m - 2 potions of cancellation


   Skills:
 + Level 1.8 Fighting
 + Level 3.7 Dodging
 - Level 1.4 Stealth
 + Level 5.7 Spellcasting
 + Level 5.4 Conjurations
 + Level 6.5 Fire Magic


You had 11 spell levels left.
You knew the following spells:

 Your Spells              Type           Power      Damage    Failure   Level
a - Foxfire               Conj/Fire      100%       2x1d9     1%          1
b - Scorch                Fire           56%        2d7       1%          2
c - Flame Wave            Conj/Fire      26%        2d8       11%         4

Your spell library contained the following spells:

 Spells                   Type           Power      Damage    Failure   Level
 Freeze                   Ice            20%        1d4       12%         1
 Conjure Flame            Conj/Fire      26%        6-21      3%          3
 Inner Flame              Hex/Fire       16%        N/A       10%         3


Dungeon Overview and Level Annotations

Branches:
Dungeon (6/15) Zot: 2221   Temple (1/1) D:4 Zot: 526

Altars:
Gozag
Hepliaklqana
Makhleb
Nemelex Xobeh
Qazlal
Ru
Uskayaw
Vehumet
Wu Jian
Xom
Yredelemnul


Innate Abilities, Weirdness & Mutations

You passively map a small area around you.
You are easily found by Zot.
You glow in the dark.
You regain HP and MP as you explore.


Message History

Press: ? - help, Dir - look around, f - activate A wave of flame ripples out!
The flame wave engulfs the orc!
You kill the orc!
Vehumet accepts your kill.
The flame wave engulfs something!
The flame wave engulfs the orc priest!
The orc priest is heavily wounded. (Press . to intensify the flame waves.)
You hear a shout! x2
Something hits you.
* * * LOW HITPOINT WARNING * * *
The orc priest hits you with a +0 dagger.
* * * LOW HITPOINT WARNING * * *
The white imp gestures at you. The puff of frost hits you.
* * * LOW HITPOINT WARNING * * *
Unknown command.
It was a potion of invisibility.
You become transparent, but the glow from your body prevents you from becoming completely invisible.
The white imp gestures at you. The puff of frost misses you.
The puff of frost hits something.
The orc priest completely misses you. Something hits you.
* * * LOW HITPOINT WARNING * * *
The orc priest looks satisfied for a moment.
Something hits you but does no damage.
It was a potion of brilliance.
You feel clever all of a sudden. The white imp barely misses you.
Something hits you but does no damage. The orc priest closely misses you.
Unknown command.
It was a potion of cancellation.
Your magical effects are unravelling.
You feel magically purged.
Your magical contamination has completely faded away.
You feel yourself speed up.
You flicker back into view.
You feel a little less clever now. The white imp barely misses you.
The orc priest looks satisfied for a moment.
Something barely misses you.
The orc priest hits you with a +0 dagger.
You die...

,
#########
*
#$...5@.#
, , *
#.#####o#
, 5# , ,
.# ** *
.# * *.#*
* * * ..
, , ,, ..
, ,


You could see an orc priest, a white imp and a shadow imp.

Vanquished Creatures
  2 ogres (D:5)
  2 scorpions (D:5)
  A quasit (D:4)
  2 orc priests (D:5)
  A hound (D:4)
  3 iguanas
  4 orc wizards (D:5)
  A gnoll (D:5)
  5 adders
  2 shadow imps (D:5)
  A white imp (D:5)
  8 ufetubi
  A worm (D:2)
  2 dart slugs
  9 orcs
  A ball python (D:1)
  2 bats (D:2)
  An endoplasm (D:1)
  A giant cockroach (D:1)
  2 goblins
  4 hobgoblins
  2 jackals
  A kobold (D:1)
58 creatures vanquished.

Vanquished Creatures (collateral kills)
  2 foxfires
2 creatures vanquished.

Vanquished Creatures (others)
  5 demonic plants (D:5)
  102 foxfires
  7 plants (D:4)
114 creatures vanquished.

Grand Total: 174 creatures vanquished

Notes
Turn   | Place    | Note
-------+----------+-------------------------------------------
     0 | D:1      | hawla the Meteoran Fire Elementalist began the quest for
                  | the Orb.
     0 | D:1      | Reached XP level 1. HP: 14/14 MP: 5/5
    31 | D:1      | Reached skill level 4 in Fire Magic
    36 | D:1      | Reached XP level 2. HP: 17/20 MP: 2/6
    39 | D:1      | Learned a level 2 spell: Scorch
   176 | D:2      | Reached XP level 3. HP: 26/26 MP: 6/8
   216 | D:2      | Found a faded altar of an unknown god.
   414 | D:3      | Reached XP level 4. HP: 30/33 MP: 5/10
   419 | D:3      | Learned a level 4 spell: Flame Wave
   518 | D:4      | Found a stormy altar of Qazlal.
   550 | D:4      | Reached XP level 5. HP: 38/38 MP: 4/11
   614 | D:4      | Found a staircase to the Ecumenical Temple.
   623 | Temple   | Entered the Ecumenical Temple
   686 | Temple   | Became a worshipper of Vehumet
   722 | D:5      | Entered Level 5 of the Dungeon
   843 | D:5      | Reached XP level 6. HP: 37/46 MP: 4/12
   877 | D:5      | Reached skill level 5 in Fire Magic
  1240 | D:5      | Reached skill level 1 in Fighting
  1240 | D:5      | Reached XP level 7. HP: 46/52 MP: 2/14
  1264 | D:5      | Reached skill level 5 in Conjurations
  1343 | D:5      | Reached skill level 5 in Spellcasting
  1343 | D:5      | Reached skill level 6 in Fire Magic
  1368 | D:5      | Reached * piety under Vehumet
  1368 | D:5      | Offered knowledge of Freeze by Vehumet.
  1369 | D:5      | Reached XP level 8. HP: 42/59 MP: 7/17
  1446 | D:6      | HP: 1/61 [white imp/puff of frost (5)]
  1449 | D:6      | Slain by an orc priest

Illustrated notes

Levels and vault maps discovered:
D:1:      giann_bridges, layout_loops_ring, minmay_rat_gold_closets
D:2:      layout_rooms, serial_co_window_serial, co_window_of_opportunity_a,
          co_window_paths_a, co_window_of_opportunity_a, co_window_paths_a,
          co_window_paths_a, co_window_corner_b, co_window_corner_b,
          co_window_corner_cb, co_window_corner_ca, co_window_broadway_a,
          co_window_broadway_b, co_window_unsneaky_path_c, glass_columns_b,
          glass_columns_b, glass_columns_a, shapermc_ecumenical_altar_venn,
          uniq_natasha, uniq_robin
D:3:      layout_basic, grunt_ashenzari_visionary
          [grunt_ashenzari_visionary_swamp, grunt_ashenzari_visionary_spider]
D:4:      layout_basic, nicolae_qazlal_scattered_showers,
          minmay_temple_entry_gardened_gates, gammafunk_ghost_cemetery
D:5:      minmay_inner_zag, layout_loops_corners, okawaru_gym_becter,
          serial_demonic, serial_demonic_a, serial_demonic_f, serial_demonic_d,
          serial_demonic_e, serial_demonic_c, serial_demonic_b,
          serial_demonic_b, serial_demonic_f, uniq_crazy_yiuf_cottage
D:6:      layout_loops_corners, zin_angel, corexii_shack, minmay_small_thing,
          uniq_edmund
Temple:   eino_wide_crystal_templ

Skill      XL: |  1  2  3  4  5  6  7 |
---------------+----------------------+-----
Fire Magic     | 4 5 6 |  6.5
Spellcasting   | 3 4 5 |  5.7
Conjurations   | 3 4 5 |  5.4
Fighting       | 1 |  1.8
Dodging        | 3 |  3.7
Stealth        | |  1.4

Action                   |  1- 3 |  4- 6 |  7- 9 || total
-------------------------+-------+-------+-------++-------
Melee: Unarmed           |     5 |     9 |    10 ||    24
 Cast: Foxfire           |    21 |    30 |     8 ||    59
       Scorch            |     7 |    14 |     9 ||    30
       Flame Wave        |       |     3 |     5 ||     8
  Use: Scroll            |       |    10 |       ||    10
       Potion            |       |       |     5 ||     5
Armor: Robe              |     2 |    38 |    12 ||    52
Dodge: Dodged            |     4 |    56 |    24 ||    84
